General information
- name: BNet
- type: Ladder team game (AT/RT)
- host: Battle.net
- saver: MsY]DOGANDHORSE
map: FullScaleAssault
- players: 8
- length: 16:06
- speed: Fast
- version: 1.24 W3XP
- replay type:

» download(158 KB)
Players
team 1 (loser)
efpids_ (
teal | 68 APM | 1095 actions | 16:00)
3 Death Knight
2 Death Coil
1 Unholy Aura
3 Pit Lord
2 Rain of Fire
1 Howl of Terror
» actions
| Assign group hotkey | 23 | |
| Basic commands | 5 | |
| Build / train | 43 | |
| Enter build submenu | 15 | |
| Enter hero's abilities submenu | 6 | |
| Right click | 486 | |
| Select / deselect | 175 | |
| Select group hotkey | 295 | |
| Use ability | 47 | |
1095 total
» units
| Acolyte | 6 | |
| Ghoul | 1 | |
| Crypt Fiend | 13 | |
| Goblin Zeppelin | 1 | |
21 total
» upgrades
| Creature Attack | 1 | |
| Web | 1 | |
| Freezing Breath | 1 | |
| Burrow | 1 | |
4 total
» buildings
| Crypt | 1 | |
| Graveyard | 1 | |
| Altar of Darkness | 1 | |
| Ziggurat | 5 | |
| Tomb of Relics | 2 | |
| Nerubian Tower | 1 | |
| Halls of the Dead | 1 | |
| Spirit Tower | 1 | |
| Black Citadel | 1 | |
| Necropolis | 1 | |
| Sacrificial Pit | 1 | |
| Boneyard | 2 | |
18 total
» build order
00:26 Crypt
00:29 Graveyard
00:44 Altar of Darkness
00:46 Ziggurat
01:10 Tomb of Relics
01:57 Ziggurat
03:23 Nerubian Tower
04:28 Halls of the Dead
04:43 Ziggurat
05:08 Spirit Tower
07:14 Ziggurat
07:26 Black Citadel
11:35 Necropolis
11:39 Sacrificial Pit
12:49 Boneyard
13:15 Boneyard
13:32 Tomb of Relics
15:16 Ziggurat
» items
| Rod of Necromancy | 1 | |
| Dust of Appearance | 2 | |
| Healing Salve | 1 | |
| Lesser Clarity Potion | 1 | |
| Potion of Lesser Invulnerability | 1 | |
6 total

»
Homie-G (
red | 99 APM | 1593 actions | 16:04)
1 Priestess of the Moon
1 Searing Arrows
» actions
| Assign group hotkey | 16 | |
| Basic commands | 16 | |
| Build / train | 39 | |
| ESC pressed | 1 | |
| Enter build submenu | 12 | |
| Enter hero's abilities submenu | 1 | |
| Remove unit from queue | 1 | |
| Right click | 929 | |
| Select / deselect | 268 | |
| Select group hotkey | 274 | |
| Use ability | 36 | |
1593 total
» units
| Wisp | 20 | |
| Glaive Thrower | 11 | |
| Dryad | 3 | |
34 total
» upgrades
» buildings
| Altar of Elders | 1 | |
| Moon Well | 4 | |
| Hunter's Hall | 1 | |
| Ancient of War | 2 | |
| Tree of Ages | 1 | |
| Ancient of Lore | 3 | |
12 total
» build order
00:12 Altar of Elders
00:17 Moon Well
01:31 Hunter's Hall
01:52 Ancient of War
02:03 Moon Well
02:34 Ancient of War
03:50 Moon Well
05:06 Tree of Ages
08:10 Ancient of Lore
11:52 Ancient of Lore
12:46 Moon Well
12:50 Ancient of Lore
Sta[c]k (
pink | 70 APM | 1123 actions | 16:03)
3 Priestess of the Moon
1 Searing Arrows
2 Trueshot Aura
» actions
| Assign group hotkey | 92 | |
| Basic commands | 26 | |
| Build / train | 43 | |
| ESC pressed | 3 | |
| Enter build submenu | 20 | |
| Enter hero's abilities submenu | 3 | |
| Remove unit from queue | 1 | |
| Right click | 487 | |
| Select / deselect | 219 | |
| Select group hotkey | 189 | |
| Use ability | 40 | |
1123 total
» units
| Wisp | 15 | |
| Huntress | 6 | |
| Glaive Thrower | 9 | |
30 total
» upgrades
| Ultravision | 1 | |
| Strength of the Moon | 1 | |
| Vorpal Blades | 1 | |
3 total
» buildings
| Altar of Elders | 1 | |
| Moon Well | 6 | |
| Hunter's Hall | 1 | |
| Ancient of War | 2 | |
| Ancient Protector | 3 | |
| Ancient of Wonders | 1 | |
| Tree of Ages | 3 | |
| Tree of Eternity | 1 | |
| Ancient of Wind | 2 | |
20 total
» build order
00:06 Altar of Elders
00:18 Moon Well
01:27 Hunter's Hall
01:50 Ancient of War
02:06 Moon Well
02:38 Ancient of War
02:57 Ancient Protector
03:25 Ancient Protector
04:21 Moon Well
04:26 Ancient of Wonders
05:07 Moon Well
10:04 Tree of Ages
10:04 Tree of Ages
10:45 Ancient Protector
12:36 Moon Well
13:03 Moon Well
13:06 Tree of Eternity
14:50 Ancient of Wind
14:59 Ancient of Wind

»
Yank33hat (
blue | 48 APM | 771 actions | 15:54)
2 Blademaster
1 Wind Walk
1 Critical Strike
1 Shadow Hunter
1 Hex
1 Tauren Chieftain
1 Shockwave
» actions
| Assign group hotkey | 11 | |
| Build / train | 50 | |
| Enter build submenu | 13 | |
| Enter hero's abilities submenu | 4 | |
| Give item / drop item | 2 | |
| Right click | 389 | |
| Select / deselect | 114 | |
| Select group hotkey | 106 | |
| Use ability | 82 | |
771 total
» units
» upgrades
| Ranged Weapons | 2 | |
| Liquid Fire | 1 | |
| Reinforced Defenses | 1 | |
4 total
» buildings
| Altar of Storms | 1 | |
| Orc Burrow | 5 | |
| Voodoo Lounge | 1 | |
| War Mill | 1 | |
| Stronghold | 1 | |
| Watch Tower | 3 | |
| Beastiary | 2 | |
| Fortress | 3 | |
17 total
» build order
00:13 Altar of Storms
00:16 Orc Burrow
00:56 Voodoo Lounge
01:47 War Mill
03:14 Stronghold
03:51 Watch Tower
03:53 Watch Tower
03:55 Watch Tower
04:06 Orc Burrow
06:09 Beastiary
06:10 Beastiary
07:06 Orc Burrow
07:34 Fortress
07:35 Fortress
07:35 Fortress
08:03 Orc Burrow
12:46 Orc Burrow
» items
| Healing Salve | 3 | |
| Lesser Clarity Potion | 6 | |
| Boots of Speed | 1 | |
| Dust of Appearance | 1 | |
| Orb of Lightning | 1 | |
12 total
team 2 (winner)
Gobiner (
purple | 54 APM | 866 actions | 16:05)
4 Blademaster
2 Wind Walk
2 Critical Strike
» actions
| Assign group hotkey | 7 | |
| Basic commands | 6 | |
| Build / train | 56 | |
| ESC pressed | 2 | |
| Enter build submenu | 30 | |
| Enter hero's abilities submenu | 4 | |
| Give item / drop item | 3 | |
| Right click | 345 | |
| Select / deselect | 108 | |
| Select group hotkey | 206 | |
| Use ability | 99 | |
866 total
» units
» upgrades
| Spiked Barricades | 1 | |
| Liquid Fire | 1 | |
| Ranged Weapons | 1 | |
3 total
» buildings
| Altar of Storms | 1 | |
| Orc Burrow | 4 | |
| War Mill | 1 | |
| Watch Tower | 24 | |
| Voodoo Lounge | 2 | |
| Stronghold | 1 | |
| Fortress | 1 | |
| Beastiary | 2 | |
36 total
» build order
00:09 Altar of Storms
00:17 Orc Burrow
00:33 War Mill
01:52 Watch Tower
02:06 Orc Burrow
02:46 Voodoo Lounge
03:01 Watch Tower
03:54 Watch Tower
04:19 Stronghold
04:40 Watch Tower
05:01 Watch Tower
05:42 Watch Tower
05:47 Watch Tower
06:31 Watch Tower
06:43 Fortress
06:50 Orc Burrow
06:51 Orc Burrow
06:59 Watch Tower
07:06 Beastiary
07:09 Beastiary
08:33 Voodoo Lounge
08:47 Watch Tower
10:39 Watch Tower
10:41 Watch Tower
11:53 Watch Tower
11:55 Watch Tower
12:53 Watch Tower
12:54 Watch Tower
12:56 Watch Tower
12:56 Watch Tower
12:58 Watch Tower
12:59 Watch Tower
13:00 Watch Tower
13:38 Watch Tower
13:39 Watch Tower
15:13 Watch Tower
» items
| Boots of Speed | 1 | |
| Staff of Teleportation | 1 | |
| Lesser Clarity Potion | 7 | |
| Healing Salve | 4 | |
| Orb of Lightning | 1 | |
| Potion of Healing | 1 | |
15 total
kunt.roII (
green | 100 APM | 1607 actions | 16:05)
3 Archmage
2 Blizzard
1 Brilliance Aura
2 Blood Mage
1 Flame Strike
1 Siphon Mana
» actions
| Assign group hotkey | 24 | |
| Basic commands | 13 | |
| Build / train | 84 | |
| ESC pressed | 5 | |
| Enter build submenu | 42 | |
| Enter hero's abilities submenu | 6 | |
| Give item / drop item | 2 | |
| Right click | 778 | |
| Select / deselect | 198 | |
| Select group hotkey | 351 | |
| Use ability | 104 | |
1607 total
» units
» upgrades
» buildings
| Altar of Kings | 1 | |
| Farm | 5 | |
| Lumber Mill | 1 | |
| Scout Tower | 28 | |
| Guard Tower | 17 | |
| Arcane Tower | 2 | |
| Keep | 1 | |
| Town Hall | 1 | |
| Castle | 1 | |
| Arcane Sanctum | 1 | |
58 total
» build order
00:11 Altar of Kings
00:23 Farm
01:04 Lumber Mill
01:33 Farm
01:58 Scout Tower
02:05 Scout Tower
02:29 Guard Tower
02:31 Scout Tower
02:44 Guard Tower
03:04 Arcane Tower
03:44 Scout Tower
03:44 Scout Tower
04:20 Guard Tower
04:24 Guard Tower
04:24 Guard Tower
04:28 Scout Tower
04:37 Scout Tower
04:49 Farm
05:05 Guard Tower
05:51 Keep
07:58 Town Hall
08:08 Scout Tower
08:20 Castle
09:54 Scout Tower
09:54 Scout Tower
09:56 Scout Tower
10:29 Guard Tower
10:29 Guard Tower
10:30 Guard Tower
10:30 Guard Tower
11:04 Guard Tower
12:07 Scout Tower
12:08 Scout Tower
12:08 Scout Tower
12:42 Scout Tower
12:42 Scout Tower
12:56 Scout Tower
12:57 Scout Tower
12:57 Scout Tower
13:18 Guard Tower
13:20 Scout Tower
13:20 Scout Tower
13:20 Scout Tower
13:37 Guard Tower
13:39 Scout Tower
13:41 Scout Tower
13:41 Scout Tower
13:42 Scout Tower
13:50 Scout Tower
13:51 Scout Tower
14:15 Arcane Sanctum
14:17 Guard Tower
14:46 Guard Tower
15:35 Farm
15:37 Farm
15:46 Arcane Tower
15:48 Guard Tower
» items
| Boots of Speed | 2 | |
| Staff of Teleportation | 2 | |
| Circlet of Nobility | 4 | |
| Healing Salve | 4 | |
| Lesser Clarity Potion | 5 | |
| Potion of Mana | 2 | |
| Potion of Healing | 3 | |
| Scroll of Speed | 1 | |
| Potion of Lesser Invulnerability | 1 | |
24 total
Mata. (
yellow | 133 APM | 2133 actions | 16:05)
2 Pandaren Brewmaster
1 Breath of Fire
1 Drunken Brawler
» actions
| Assign group hotkey | 232 | |
| Basic commands | 1 | |
| Build / train | 153 | |
| Enter build submenu | 82 | |
| Enter hero's abilities submenu | 2 | |
| Give item / drop item | 3 | |
| Right click | 1032 | |
| Select / deselect | 432 | |
| Select group hotkey | 1 | |
| Use ability | 195 | |
2133 total
» units
| Peasant | 31 | |
| Goblin Zeppelin | 3 | |
34 total
» upgrades
» buildings
| Lumber Mill | 1 | |
| Farm | 4 | |
| Scout Tower | 94 | |
| Arcane Tower | 3 | |
| Guard Tower | 96 | |
| Altar of Kings | 1 | |
| Town Hall | 1 | |
| Keep | 1 | |
201 total
» build order
00:25 Lumber Mill
00:28 Farm
00:54 Scout Tower
00:56 Scout Tower
01:20 Arcane Tower
01:21 Arcane Tower
01:21 Arcane Tower
01:27 Guard Tower
01:27 Guard Tower
01:34 Scout Tower
01:41 Scout Tower
02:01 Farm
02:04 Guard Tower
02:04 Guard Tower
02:15 Altar of Kings
02:22 Guard Tower
02:22 Guard Tower
02:23 Guard Tower
02:51 Scout Tower
03:04 Scout Tower
03:05 Scout Tower
03:21 Guard Tower
03:24 Scout Tower
03:27 Scout Tower
03:46 Guard Tower
03:46 Guard Tower
03:53 Scout Tower
03:54 Scout Tower
03:58 Scout Tower
04:06 Farm
04:15 Guard Tower
04:18 Scout Tower
04:19 Guard Tower
04:20 Guard Tower
04:24 Guard Tower
04:24 Guard Tower
04:24 Guard Tower
04:25 Scout Tower
04:27 Scout Tower
04:49 Guard Tower
05:00 Scout Tower
05:01 Scout Tower
05:02 Scout Tower
05:03 Scout Tower
05:08 Guard Tower
05:08 Guard Tower
05:23 Guard Tower
05:59 Town Hall
06:13 Guard Tower
06:13 Guard Tower
07:04 Scout Tower
07:21 Scout Tower
07:21 Scout Tower
07:36 Scout Tower
07:37 Scout Tower
07:58 Guard Tower
07:58 Guard Tower
08:01 Guard Tower
08:02 Guard Tower
08:07 Guard Tower
08:07 Guard Tower
08:07 Guard Tower
08:07 Guard Tower
08:11 Scout Tower
08:11 Scout Tower
08:12 Scout Tower
08:39 Guard Tower
08:48 Scout Tower
08:57 Guard Tower
09:18 Guard Tower
09:19 Guard Tower
09:19 Guard Tower
09:22 Scout Tower
09:22 Scout Tower
09:58 Keep
10:11 Guard Tower
10:36 Farm
10:39 Scout Tower
10:39 Scout Tower
10:41 Scout Tower
10:42 Scout Tower
10:45 Scout Tower
10:45 Scout Tower
10:56 Scout Tower
10:56 Scout Tower
10:57 Scout Tower
10:58 Scout Tower
10:59 Scout Tower
11:00 Scout Tower
11:01 Scout Tower
11:10 Guard Tower
11:10 Guard Tower
11:11 Guard Tower
11:13 Scout Tower
11:14 Scout Tower
11:14 Scout Tower
11:15 Scout Tower
11:16 Scout Tower
11:17 Scout Tower
11:18 Scout Tower
11:20 Guard Tower
11:46 Guard Tower
11:49 Scout Tower
11:50 Scout Tower
11:50 Scout Tower
11:51 Scout Tower
11:52 Scout Tower
11:53 Scout Tower
11:54 Scout Tower
11:55 Scout Tower
11:56 Guard Tower
11:56 Guard Tower
12:00 Scout Tower
12:02 Scout Tower
12:03 Scout Tower
12:18 Scout Tower
12:19 Scout Tower
12:20 Scout Tower
12:22 Scout Tower
12:22 Scout Tower
12:56 Guard Tower
12:56 Guard Tower
12:57 Guard Tower
12:58 Guard Tower
12:59 Scout Tower
13:00 Scout Tower
13:02 Scout Tower
13:03 Scout Tower
13:04 Scout Tower
13:05 Scout Tower
13:05 Scout Tower
13:06 Scout Tower
13:06 Scout Tower
13:40 Guard Tower
14:00 Guard Tower
14:25 Guard Tower
14:38 Scout Tower
14:39 Scout Tower
14:40 Scout Tower
14:41 Scout Tower
14:43 Scout Tower
14:43 Scout Tower
14:46 Scout Tower
15:08 Guard Tower
15:08 Guard Tower
15:11 Scout Tower
15:12 Guard Tower
15:12 Guard Tower
15:12 Guard Tower
15:13 Guard Tower
15:13 Guard Tower
15:13 Guard Tower
15:13 Guard Tower
15:14 Guard Tower
15:15 Scout Tower
15:17 Scout Tower
15:19 Scout Tower
15:21 Scout Tower
15:22 Scout Tower
15:44 Guard Tower
15:44 Guard Tower
15:53 Guard Tower
15:53 Guard Tower
15:53 Guard Tower
15:55 Guard Tower
15:55 Guard Tower
15:55 Guard Tower
15:57 Scout Tower
15:57 Scout Tower
16:01 Scout Tower
16:03 Scout Tower
16:03 Scout Tower
» items
| Staff of Teleportation | 1 | |
| Lesser Clarity Potion | 3 | |
| Healing Salve | 2 | |
| Orb of Lightning | 1 | |
| Boots of Speed | 1 | |
| Potion of Mana | 1 | |
| Potion of Healing | 2 | |
11 total
MsY]DOGANDHORSE (
orange | 125 APM | 2017 actions | 16:06)
4 Blademaster
2 Wind Walk
2 Critical Strike
» actions
| Assign group hotkey | 8 | |
| Build / train | 56 | |
| Enter build submenu | 37 | |
| Enter hero's abilities submenu | 4 | |
| Remove unit from queue | 2 | |
| Right click | 1476 | |
| Select / deselect | 192 | |
| Select group hotkey | 121 | |
| Use ability | 121 | |
2017 total
» units
» upgrades
» buildings
| War Mill | 2 | |
| Altar of Storms | 1 | |
| Orc Burrow | 5 | |
| Watch Tower | 18 | |
| Voodoo Lounge | 1 | |
| Stronghold | 4 | |
| Beastiary | 3 | |
| Fortress | 1 | |
35 total
» build order
00:05 War Mill
00:08 War Mill
00:34 Altar of Storms
00:52 Orc Burrow
01:28 Watch Tower
01:40 Watch Tower
02:24 Watch Tower
03:42 Watch Tower
04:21 Voodoo Lounge
04:24 Watch Tower
04:45 Stronghold
04:46 Stronghold
05:03 Watch Tower
05:08 Orc Burrow
05:15 Watch Tower
05:19 Watch Tower
07:12 Beastiary
07:13 Beastiary
07:22 Beastiary
07:27 Orc Burrow
08:08 Watch Tower
08:59 Orc Burrow
09:31 Watch Tower
09:32 Watch Tower
09:49 Watch Tower
10:29 Watch Tower
11:13 Fortress
11:53 Watch Tower
12:55 Watch Tower
12:55 Watch Tower
14:03 Orc Burrow
14:51 Watch Tower
14:54 Watch Tower
» items
| Healing Salve | 3 | |
| Lesser Clarity Potion | 6 | |
| Staff of Teleportation | 1 | |
| Potion of Healing | 1 | |
| Orb of Lightning | 1 | |
12 total
Chat log
(00:07 / All) Yank33hat: zzz
(00:10 / All) Yank33hat: protos awesome
(00:17 / All) Mata.: =
(00:21 / All) MsY]DOGANDHORSE: protoss
(00:23 / All) Gobiner: I'm a neutron
(00:27 / All) MsY]DOGANDHORSE: antiquark
(03:33 / All) MsY]DOGANDHORSE: you had tp
(03:34 / All) MsY]DOGANDHORSE: salve
(03:35 / All) MsY]DOGANDHORSE: clarity
(03:45 / All) Yank33hat: didnt know you were gonna be right there?
(03:48 / All) Yank33hat: sorry?
(04:09 / All) MsY]DOGANDHORSE: A arcane
(04:10 / All) MsY]DOGANDHORSE: Kill you
(04:21 / All) Homie-G: i know speak english
(10:41 / All) efpids_: Sec
(10:44 / All) MsY]DOGANDHORSE: oik
(15:53 / All) Yank33hat: glad you fellas can right click
(15:58 / All) Mata.: gg
(16:00 / All) kunt.roII: clad u cant
(16:03 / All) MsY]DOGANDHORSE: well